 Dungeon Crawl Stone Soup version 0.30-a0-394-g3e4acdb0ae (webtiles) character file.

Game seed: 11861200700617097241

109 p00ps00p the Trooper (level 4, 0/41 HPs)
             Began as a Hill Orc Fighter on Dec 6, 2022.
             Succumbed to a gnoll's poison
             ... on level 1 of the Dungeon.
             The game lasted 00:01:37 (752 turns).

p00ps00p the Trooper (Hill Orc Fighter)              Turns: 752, Time: 00:01:37

Health: 0/41       AC:  9    Str: 20    XL:     4   Next: 90%
Magic:  4/4        EV:  9    Int:  8    God:
Gold:   74         SH:  4    Dex: 10    Spells: 3/3 levels left

rFire   . . .      SeeInvis .    a - +1 war axe
rCold   . . .      Faith    .    c - +0 buckler
rNeg    . . .      Spirit   .    b - +0 scale mail
rPois   .          Reflect  .    f - +0 helmet
rElec   .          Harm     .    j - +0 cloak
rCorr   +          Rampage  .    (no gloves)
Will    .....                    (no boots)
Stlth   ..........               (no amulet)
HPRegen 0.26/turn                e - ring of resist corrosion
MPRegen 0.09/turn                (no ring)

@: mighty, lethally poisoned (0 -> -7)
A: no striking features
a: no special abilities


You were on level 1 of the Dungeon.
You visited 1 branch of the dungeon, and saw 1 of its levels.

You collected 74 gold pieces.

Inventory:

Hand Weapons
 a - a +1 war axe (weapon)
Armour
 b - a +0 scale mail (worn)
 c - a +0 buckler (worn)
 f - a +0 helmet (worn)
 j - a +0 cloak (worn)
Jewellery
 e - a ring of resist corrosion (left hand)
Potions
 h - a potion of curing {unknown}
 i - a potion of resistance {unknown}


   Skills:
 + Level 4.5 Fighting
 + Level 4.0 Axes
 + Level 4.1 Armour
 + Level 4.1 Shields


You had 3 spell levels left.
You didn't know any spells.
Your spell library was empty.

Dungeon Overview and Level Annotations

Branches:
Dungeon (1/15)

Altars:


Message History

You kill the goblin!
You barely miss the gnoll. The gnoll closely misses you.
The gnoll hits you but does no damage.
Your Armour skill increases to level 4!
Your Shields skill increases to level 4!
You hit the gnoll.
The gnoll is heavily wounded.
You hit the frilled lizard.
You kill the frilled lizard!
You block the gnoll's attack. The gnoll misses you.
The gnoll hits you but does no damage. The gnoll closely misses you.
The gnoll hits you from afar with a +0 spear.
You slash the gnoll!
The gnoll is severely wounded.
You slash the gnoll!
You kill the gnoll!
The gnoll barely misses you.
The gnoll hits you from afar with a +0 spear.
Unknown command.
You closely miss the gnoll.
The gnoll is severely wounded.
You slash the hobgoblin!
You kill the hobgoblin!
The gnoll hits you with a +0 club.
* * * LOW HITPOINT WARNING * * *
The gnoll hits you from afar with a +0 spear.
* * * LOW HITPOINT WARNING * * *
You hit the gnoll.
You kill the gnoll!
You slash the gnoll!
The gnoll hits you from afar with a +0 spear.
* * * LOW HITPOINT WARNING * * *
You block the gnoll's attack. The gnoll hits you but does no damage.
You are lethally poisoned!
The gnoll hits you but does no damage. You block the gnoll's attack.
The gnoll hits you from afar with a +0 spear.
* * * LOW HITPOINT WARNING * * *
Your Axes skill increases to level 4!
You closely miss the gnoll. You barely miss the gnoll.
You die...

#.......#.# #..........##
##.##.#...# ############
#.##############♣♣♣♣♣♣♣♣♣♣♣♣♣
#.#.................♣.......♣
#.#...########..♣...♣....♣...
#.#...#.... ##..♣♣..).♣♣....
#.#...#....#####...♣...♣.....
#.#...#..⌠g#)#.8.........♣...
#####.#...#....g@.......♣♣..♣..♣.
......#...#....)g†............♣♣.
..........#...g#.#.8......♣♣.....
......#...#....#####.....♣......♣
......#...#.... ##....♣...♣♣..♣.
......#(..########....♣...♣..♣♣.[
......#..............♣.......♣♣.♣
....#.#...###........♣...♣♣..♣..♣
....#.#.............♣....♣..♣.♣..


You could see 4 gnolls.

Vanquished Creatures
  8 gnolls (D:1)
  A dart slug (D:1)
  3 endoplasms (D:1)
  2 giant cockroaches (D:1)
  3 goblins (D:1)
  A hobgoblin (D:1)
  4 jackals (D:1)
  A ball python (D:1)
  6 bats (D:1)
  2 frilled lizards (D:1)
  A kobold (D:1)
  2 rats (D:1)
34 creatures vanquished.

Vanquished Creatures (collateral kills)
  A frilled lizard (D:1)
1 creature vanquished.

Grand Total: 35 creatures vanquished

Notes
Turn   | Place    | Note
-------+----------+-------------------------------------------
     0 | D:1      | p00ps00p the Hill Orc Fighter began the quest for the Orb.
     0 | D:1      | Reached XP level 1. HP: 19/19 MP: 1/1
    98 | D:1      | Found a large runed translucent door.
    98 | D:1      | Found a large runed translucent door.
   264 | D:1      | Reached XP level 2. HP: 18/27 MP: 2/2
   384 | D:1      | Reached XP level 3. HP: 33/33 MP: 3/3
   745 | D:1      | Reached XP level 4. HP: 28/40 MP: 4/4
   751 | D:1      | HP: 2/41 [gnoll/+0 spear (4)]
   752 | D:1      | Succumbed to a gnoll's poison

Illustrated notes

Levels and vault maps discovered:
D:1:      erik_arrival_cave_to_civilisation [erik_arrival_cave_to_temple],
          layout_basic, minmay_misc_feat_secret_circle

Skill      XL: |  1  2  3  4 |
---------------+-------------+-----
Axes           | 3 4 |  4.0
Fighting       | 4 |  4.5
Armour         | 4 |  4.1
Shields        | 4 |  4.1

Action                   |  1- 3 |  4- 6 || total
-------------------------+-------+-------++-------
Melee: War axe           |    69 |     8 ||    77
  Use: Scroll            |     4 |       ||     4
       Potion            |     1 |       ||     1
Armor: Scale mail        |    56 |     6 ||    62
Dodge: Dodged            |    46 |     8 ||    54
Block: Buckler           |    28 |     4 ||    32

Table legend: (Time is in decaauts)
 A = Elapsed time spent in this place.
 B = Non-inter-level travel time spent in this place.
 C = Inter-level travel time spent in this place.
 D = Time resting spent in this place.
 E = Time spent auto-exploring this place.
 F = Levels seen in this place.
 G = Mean time per level.
                   A        B        C        D        E       F      G
               +--------+--------+--------+--------+--------+-----+--------+
         Total |    781 |    781 |      0 |      9 |    551 |   1 |  781.0 |
       Dungeon |    781 |    781 |      0 |      9 |    551 |   1 |  781.0 |
               +--------+--------+--------+--------+--------+-----+--------+

Top non-repeatable levels by time:
     D:1: 781 daAuts
